 Dungeon Crawl Stone Soup version 0.16-a0-2038-g968ce0a (webtiles) character file.

8691 wvc the Basher (level 11, -5/75 HPs)
             Began as a Mummy Fighter on Nov 10, 2014.
             Was a High Priest of Okawaru.
             Slain by a death yak (24 damage)
             ... led by a torpor snail
             ... on level 1 of the Lair of Beasts.
             The game lasted 00:30:04 (12083 turns).

wvc the Basher (Mummy Fighter)                     Turns: 12083, Time: 00:30:04

Health: -5/75      AC: 12    Str: 21    XL:     11   Next: 13%
Magic:  12/12      EV:  6    Int:  9    God:    Okawaru [*****.]
Gold:   285        SH:  9    Dex: 17    Spells: 1 memorised, 6 levels left

rFire  x . .     SeeInvis .     u - +2 whip (elec)
rCold  + . .     Clarity  .     b - +0 scale mail
rNeg   + + +     SustAb   .     c - +0 shield
rPois  +         Gourm    .     o - +1 helmet
rElec  .         Spirit   .     p - +0 cloak
rCorr  .         Warding  .     s - +0 pair of gloves
rMut   .         Stasis   .     w - +0 pair of boots
MR     +....                    (no amulet)
Stlth  ..........               G - +2 ring of slaying
                                F - ring of Dithmenos' Outrage {Int+2 Dex+5}

@: somewhat resistant to hostile enchantments, extremely unstealthy
A: no food or potions, fire vulnerability, restore body, cold resistance 1,
negative energy resistance 3, poison resistance, torment resistance, unbreathing
a: Heroism, Finesse, Renounce Religion


You were on level 1 of the Lair of Beasts.
You worshipped Okawaru.
Okawaru was extremely pleased with you.
You were not hungry.

You visited 3 branches of the dungeon, and saw 12 of its levels.

You collected 560 gold pieces.
You spent 275 gold pieces at shops.

Inventory:

Hand weapons
 k - a +0 blowgun
 u - a +2 whip of electrocution (weapon)
 x - a +1 flail of crushing
 y - a +3 whip of flaming
Missiles
 e - 17 tomahawks (quivered)
 n - 2 throwing nets
 q - 9 poisoned needles
 A - 8 javelins
 E - 3 curare-tipped needles
Armour
 b - a +0 scale mail (worn)
 c - a +0 shield (worn)
 o - a +1 helmet (worn)
 p - a +0 cloak (worn)
 s - a +0 pair of gloves (worn)
 w - a +0 pair of boots (worn)
 C - a troll hide
 D - the cursed -5 pair of gloves of Hedge Wizardry {rN+ MR++}
   (You found it on level 8 of the Dungeon)

   It protects you from negative energy.
   It affects your resistance to hostile enchantments.
   It has a curse placed upon it.
Rods
 B - a +0 rod of destruction (13/13)
   (You found it on level 8 of the Dungeon)
Jewellery
 g - an uncursed ring of sustain abilities
 m - an uncursed amulet of stasis
 r - an uncursed ring of protection from magic
 F - the ring of Dithmenos' Outrage (left hand) {Int+2 Dex+5}
   (You bought it in a shop on level 9 of the Dungeon)

   [ring of intelligence]

   It affects your intelligence (+2).
   It affects your dexterity (+5).
 G - a +2 ring of slaying (right hand)
Magical devices
 h - a wand of digging (11)
 j - a wand of flame (0)
 z - a wand of magic darts (2)
Scrolls
 a - a scroll of teleportation
 d - 7 scrolls of identify
 f - a scroll of fog
 i - 5 scrolls of remove curse
 l - 2 scrolls of immolation
 t - 2 scrolls of recharging
 v - 2 scrolls of magic mapping


   Skills:
 - Level 3.0 Fighting
 * Level 14.0 Maces & Flails
 - Level 2.4 Armour
 - Level 2.4 Shields
 - Level 1.0 Invocations


You had 6 spell levels left.
You knew the following spells:

 Your Spells              Type           Power        Failure   Level  Hunger
a - Animate Dead          Necr           N/A          100%        4    N/A

Dungeon Overview and Level Annotations

Branches:
Dungeon (9/15)             Temple (1/1) D:4            Lair (2/8) D:8
    Orc: D:9-12

Altars:
Ashenzari
Cheibriados
Dithmenos
Elyvilon
Fedhas
Gozag
Kikubaaqudgha
Makhleb
Nemelex Xobeh
Okawaru
Qazlal
Ru
Sif Muna
Trog
Vehumet
Xom
Yredelemnul
Zin
The Shining One

Shops:
D:9 =


Innate Abilities, Weirdness & Mutations

You do not eat or drink.
Your flesh is vulnerable to fire.
Your flesh is cold resistant.
You are immune to negative energy.
Your system is resistant to poisons.
You are immune to unholy pain and torment.
You can survive without breathing.


Message History

You block the green rat's attack. The death yak gores you.
You hit the death yak.
There is a sudden explosion of sparks!
The death yak is heavily wounded.
You whack the death yak!
There is a sudden explosion of sparks!
The death yak is almost dead.
You block the green rat's attack. The death yak gores you!
* * * LOW HITPOINT WARNING * * *
You hit the death yak.
The death yak is almost dead.
You feel like a meek peon again.
You hit the death yak.
The death yak is almost dead.
The green rat bites you but does no damage.
The death yak gores you.
* * * LOW HITPOINT WARNING * * *
Your shield and scale mail prevent you from hitting the death yak.
The death yak is almost dead.
The green rat bites you but does no damage.
The death yak gores you!!
You die...

......###P###.##...........##....
.................................
.............[...................
.................................
.............###.................
###P.######...###................
##.######..##.8.##.............
##.#..##...#...................
##..........#8.@Y8#.............
##...........#..r..#.............
......#P#.#..##...##.............
.....######...#.+#...............
.#...# #.##.....##............
##..## ###...8...#............
.....# ###..........#....#.....
.....#####...8..>..8...#..##.....
......#.##.............####......


You could see a death yak and a green rat.

Vanquished Creatures
  Pikel (D:9)
  A torpor snail (Lair:1)
  A black mamba (Lair:1)
  A spiny frog (Lair:1)
  A komodo dragon (Lair:1)
  2 trolls
  A two-headed ogre (D:8)
  5 yaks (Lair:1)
  A hippogriff (Lair:1)
  2 water moccasins (Lair:1)
  A porcupine (Lair:1)
  3 wolves (D:8)
  3 ice beasts
  3 centaurs
  2 orc warriors
  4 slaves (D:9)
  4 sky beasts
  5 ogres
  A big kobold (D:8)
  9 giant frogs
  3 scorpions
  10 killer bees
  A troll zombie (D:7)
  5 electric eels (D:8)
  10 crimson imps
  3 jellies
  A goliath beetle (D:6)
  2 orc priests (D:9)
  Crazy Yiuf (D:2)
  A giant frog skeleton (D:8)
  7 hounds
  9 orc wizards
  9 iguanas
  7 worker ants
  4 sheep (Lair:1)
  Jessica (D:2)
  An ogre skeleton (D:6)
  A hound skeleton (D:5)
  A mummy (D:7)
  7 gnolls (D:6)
  7 green rats (Lair:1)
  A steam dragon zombie (D:6)
  12 adders
  An orc skeleton (D:9)
  2 shadow imps
  A goliath beetle zombie (D:5)
  3 worms
  An adder skeleton (D:6)
  3 giant geckos
  An ooze (D:1)
  30 orcs
  2 ball pythons
  A bat skeleton (D:6)
  3 giant cockroaches
  16 hobgoblins
  4 jackals
  14 kobolds
  6 quokkas
  8 bats
  5 giant newts
  11 goblins
  A hobgoblin skeleton (D:5)
  2 hobgoblin zombies (D:6)
  A jackal zombie (D:5)
  16 rats
  A rat skeleton (D:4)
  4 ballistomycetes (D:5)
292 creatures vanquished.

Vanquished Creatures (collateral kills)
  A jackal (D:9)
1 creature vanquished.

Vanquished Creatures (others)
  A giant spore (D:5)
1 creature vanquished.

Grand Total: 294 creatures vanquished

Notes
Turn   | Place    | Note
--------------------------------------------------------------
     0 | D:1      | wvc, the Mummy Fighter, began the quest for the Orb.
     0 | D:1      | Reached XP level 1. HP: 18/18 MP: 1/1
   116 | D:1      | Reached XP level 2. HP: 18/24 MP: 2/2
   720 | D:2      | Reached XP level 3. HP: 29/29 MP: 3/3
  1465 | D:2      | Noticed Crazy Yiuf
  1487 | D:2      | Killed Crazy Yiuf
  1487 | D:2      | Reached XP level 4. HP: 35/35 MP: 4/4
  1773 | D:2      | Noticed Jessica
  1777 | D:2      | Killed Jessica
  1777 | D:2      | Reached skill level 4 in Maces & Flails
  2085 | D:3      | Found a deep blue altar of Sif Muna.
  2099 | D:3      | Found a sacrificial altar of Ru.
  2194 | D:3      | Reached XP level 5. HP: 39/41 MP: 5/5
  2340 | D:3      | Found a white marble altar of Elyvilon.
  2643 | D:3      | Noticed an ice beast
  2668 | D:3      | Killed an ice beast
  2668 | D:3      | Reached skill level 5 in Maces & Flails
  3034 | D:4      | Found a staircase to the Ecumenical Temple.
  3044 | Temple   | Entered the Ecumenical Temple
  3213 | Temple   | Became a worshipper of Warmaster Okawaru
  3416 | D:4      | Learned a level 4 spell: Animate Dead
  3563 | D:4      | Reached XP level 6. HP: 43/47 MP: 6/6
  3990 | D:5      | Entered Level 5 of the Dungeon
  4072 | D:5      | Reached skill level 6 in Maces & Flails
  4233 | D:5      | Reached XP level 7. HP: 50/52 MP: 7/7
  4331 | D:5      | Acquired Okawaru's first power
  4366 | D:5      | Reached skill level 7 in Maces & Flails
  5324 | D:6      | Reached XP level 8. HP: 58/58 MP: 8/8
  5348 | D:6      | Reached skill level 8 in Maces & Flails
  5436 | D:6      | Found a shadowy altar of Dithmenos.
  5582 | D:6      | Found a burning altar of Makhleb.
  5860 | D:6      | Reached skill level 9 in Maces & Flails
  6004 | D:7      | Found a snail-covered altar of Cheibriados.
  6004 | D:7      | Found a shimmering altar of Xom.
  6971 | D:8      | Reached XP level 9. HP: 47/63 MP: 8/10
  6995 | D:8      | Reached skill level 10 in Maces & Flails
  6995 | D:8      | Reached skill level 1 in Invocations
  7125 | D:8      | Identified a +0 rod of destruction (13/13) (You found it on level 8 of the Dungeon)
  7623 | D:8      | Noticed a two-headed ogre
  7631 | D:8      | Killed a two-headed ogre
  7631 | D:8      | Reached skill level 11 in Maces & Flails
  7943 | D:8      | Found a staircase to the Lair.
  7949 | D:8      | Noticed a troll
  7974 | D:8      | Killed a troll
  8410 | D:8      | Got a pair of crude gloves
  8477 | D:8      | Identified the cursed -5 pair of gloves of Hedge Wizardry {rN+ MR++} (You found it on level 8 of the Dungeon)
  8549 | D:8      | Found an ancient bone altar of Kikubaaqudgha.
  8952 | D:8      | Reached XP level 10. HP: 56/70 MP: 11/11
  9110 | D:9      | Found Wag Otua's Jewellery Shoppe.
  9118 | D:9      | Bought the ring of Dithmenos' Outrage {Int+2 Dex+5} for 275 gold pieces
  9183 | D:9      | Reached skill level 12 in Maces & Flails
  9594 | D:9      | Noticed Pikel
  9664 | D:9      | Killed Pikel
 10721 | Lair:1   | Entered Level 1 of the Lair of Beasts
 10766 | Lair:1   | Reached skill level 13 in Maces & Flails
 11191 | Lair:1   | Noticed a black mamba
 11201 | Lair:1   | Killed a black mamba
 11278 | Lair:1   | Acquired Okawaru's second power
 11478 | Lair:1   | Reached XP level 11. HP: 68/75 MP: 12/12
 12043 | Lair:2   | Noticed a death yak
 12074 | Lair:1   | Reached skill level 14 in Maces & Flails
 12083 | Lair:1   | Slain by a death yak

Action                   |  1- 3 |  4- 6 |  7- 9 | 10-12 || total
-------------------------+-------+-------+-------+-------++-------
Melee: Flail             |   132 |     8 |       |       ||   140
       Quarterstaff      |       |   134 |   439 |   119 ||   692
       Whip              |       |       |       |   255 ||   255
 Fire: Blowgun           |       |       |     4 |       ||     4
Throw: Tomahawk          |     7 |    18 |     2 |     2 ||    29
       Throwing net      |     1 |     1 |     4 |     1 ||     7
Invok: Heroism           |       |       |     7 |     7 ||    14
Evoke: Wand              |       |       |    31 |     2 ||    33
       Rod               |       |       |     2 |       ||     2
  Use: Scroll            |       |    13 |     5 |    12 ||    30
 Stab: Confused          |       |     3 |     1 |       ||     4
       Paralysed         |       |     1 |     1 |       ||     2
       Petrifying        |       |       |       |     1 ||     1
